 Dungeon Crawl Stone Soup version 0.31.0-32-g396128a36d (webtiles) character file.

Game seed: 18253220723213261807

156 leafyfresh the Magician (level 5, -5/35 HPs)
             Began as a Djinni Ice Elementalist on Mar 22, 2024.
             Slain by a white imp (6 damage)
             ... on level 7 of the Dungeon.
             The game lasted 00:03:51 (2736 turns).

leafyfresh the Magician (Djinni Ice Elementalist)   Turns: 2736, Time: 00:03:51

Health: -5/35      AC:  2    Str:  7    XL:     5   Next: 65%
Gold:   123        EV: 12    Int: 19    God:
                   SH:  0    Dex: 13

rFire   + + .        (no weapon)
rCold   x . .        (no shield)
rNeg    . . .        a - +0 robe
rPois   ∞            (no helmet)
rElec   .            (no cloak)
rCorr   .            (no gloves)
SInv    .            (boots unavailable)
Will    .....        (no amulet)
Stlth   ++           (no ring)
HPRegen 0.25/turn    (no ring)
MPRegen 0.00/turn

%: infuse magic (-6 HP)
@: freezing walls, flying
A: sickness immunity, fire resistance 2, cold vulnerability 1, float, innate
caster, HP casting, extra vitality 1
a: no special abilities


You were on level 7 of the Dungeon.
You visited 1 branch of the dungeon, and saw 5 of its levels.

You collected 123 gold pieces.

Inventory:

Armour
 a - a +0 robe (worn)
Jewellery
 k - an amulet of faith
Scrolls
 b - a scroll of noise {unknown}
 c - a scroll of revelation {unknown}
 e - a scroll of teleportation {unknown}
 g - a scroll of enchant armour {unknown}
 i - 2 scrolls of vulnerability {unknown}
 l - a scroll of brand weapon {unknown}
 m - a scroll of blinking {unknown}
Potions
 d - a potion of heal wounds {unknown}
 f - a potion of curing {unknown}
 h - a potion of magic {unknown}
 j - 2 potions of brilliance {unknown}


   Skills:
 - Level 2.1 Dodging
 - Level 1.5 Stealth
 + Level 5.3 Spellcasting
 + Level 5.3 Conjurations
 + Level 5.3 Hexes
 + Level 5.3 Summonings
 + Level 5.3 Necromancy
 + Level 5.3 Translocations
 + Level 5.3 Fire Magic
 + Level 5.3 Ice Magic
 + Level 5.3 Air Magic
 + Level 5.3 Earth Magic
 + Level 5.3 Alchemy


You knew the following spells:

 Your Spells              Type           Power      Damage    Failure   Level
a - Freeze                Ice            100%       1d10      1%          1
b - Frozen Ramparts       Ice            50%        1d8       4%          3
c - Ozocubu's Armour      Ice            25%        N/A       4%          3
d - Summon Ice Beast      Ice/Summ       25%        N/A       4%          3
e - Slow                  Hex            100%       N/A       1%          1
f - Momentum Strike       Conj/Tloc      50%        3d9       1%          2
Your spell library was empty.

Dungeon Overview and Level Annotations

Branches:
Dungeon (4/15)
 Temple: D:4-7

Altars:
Wu Jian
Yredelemnul

Shops:
D:3 [


Innate Abilities, Weirdness & Mutations

You are immune to sickness and miasma.
You are immune to poison.
Your flesh is very heat resistant. (rF++)
You are vulnerable to cold. (rC-)
You float through the air rather than walking.
You learn spells naturally, not from books.
Your magical power is your life essence.
You have superior vitality. (+4 MHP)


Message History

Unknown command.
Unknown command.
You see here a dart slug corpse.
You now have 105 gold pieces (gained 13).
You now have 123 gold pieces (gained 18).
Found an escape hatch in the ceiling.
No target in view!
An adder comes into view.
Found 17 gold pieces.
An adder is nearby!
A malevolent force fills the Dungeon...
You are sucked into a shaft and drop 3 floors!
The shaft crumbles and collapses.
Found a stone.
No target in view!
You reach down and open the door.
A white imp comes into view.
There is an open door here.
Found a hand axe.
Found a stone staircase leading down.
The white imp shouts, "Get thee gone, thou qualling saucy pissant!"
You hear a shout! x2
The white imp grinds its teeth.
The white imp gestures at you. The puff of frost hits you!
You feel a terrible chill! The white imp gestures at you.
The puff of frost hits you!!
You feel a terrible chill!
Ouch! That really hurt!
* * * LOW HITPOINT WARNING * * *
Casting: Freeze (safe; 1% risk of failure)
Confirm with . or Enter, or press ? or * to list all spells.
Casting: Frozen Ramparts (dangerous; 4% risk of failure)
Press: ? - help, Dir - look around, f - activate The walls around you are covered in ice.
* * * LOW HITPOINT WARNING * * *
An orc warrior comes into view.
It is wielding a +0 short sword and wearing a +2 chain mail of positive energy.
The wall freezes the white imp but does no damage.
The white imp hits you.
* * * LOW HITPOINT WARNING * * *
The white imp freezes you.
You feel a terrible chill!
You die...

#.# #.# #.# #.# #.##
#.# #..# #.# #..#
########.# #.)#
(........###..#
########...##..######
...........'...@5..>#
..######...##..####.#
#...##..# #...##....
##.###..### #.# #..#
#.# #.o# #.# .... ..#


You could see an orc warrior and a white imp.

Vanquished Creatures
  A bombardier beetle (D:3)
  An iguana (D:4)
  3 adders
  4 dart slugs
  6 orcs (D:3)
  6 endoplasms
  3 giant cockroaches
  3 goblins
  4 hobgoblins
  5 quokkas
  6 ball pythons
  A bat (D:2)
  4 frilled lizards (D:2)
  2 kobolds (D:2)
  5 rats
54 creatures vanquished.

Notes
Turn   | Place    | Note
-------+----------+-------------------------------------------
     0 | D:1      | leafyfresh the Djinni Ice Elementalist began the quest for
                  | the Orb.
     0 | D:1      | leafyfresh set off with the following spells memorised:
                  | Freeze, Frozen Ramparts, Ozocubu's Armour, Summon Ice
                  | Beast.
     0 | D:1      | Reached XP level 1. HP: 15/15 MP: 0/0
    91 | D:1      | Reached XP level 2. HP: 18/21 MP: 0/0
   865 | D:1      | Reached XP level 3. HP: 20/25 MP: 0/0
   865 | D:1      | Learned a level 1 spell: Slow
  1447 | D:2      | Reached XP level 4. HP: 24/31 MP: 0/0
  2065 | D:3      | Found Jybb's Antique Armour Shop.
  2066 | D:3      | Found a basalt altar of Yredelemnul.
  2401 | D:3      | Found an ornate altar of the Wu Jian Council.
  2413 | D:3      | Reached skill level 5 in Spellcasting
  2413 | D:3      | Reached skill level 5 in Conjurations
  2413 | D:3      | Reached skill level 5 in Hexes
  2413 | D:3      | Reached skill level 5 in Summonings
  2413 | D:3      | Reached skill level 5 in Necromancy
  2413 | D:3      | Reached skill level 5 in Translocations
  2413 | D:3      | Reached skill level 5 in Fire Magic
  2413 | D:3      | Reached skill level 5 in Ice Magic
  2413 | D:3      | Reached skill level 5 in Air Magic
  2413 | D:3      | Reached skill level 5 in Earth Magic
  2413 | D:3      | Reached skill level 5 in Alchemy
  2413 | D:3      | Reached XP level 5. HP: 28/35 MP: 0/0
  2413 | D:3      | Learned a level 2 spell: Momentum Strike
  2718 | D:4      | You are sucked into a shaft and drop 3 floors!
  2736 | D:7      | Noticed an orc warrior
  2736 | D:7      | HP: 1/35 [white imp (3)]
  2736 | D:7      | Slain by a white imp

Illustrated notes

Levels and vault maps discovered:
D:1:      heliophobic_arrival_battle_scene, layout_loops_corners
D:2:      layout_loops_ring, chequers_jeans, dreamdust_princess_bridge
D:3:      layout_rooms, nicolae_wu_jian_glorious_leap,
          nicolae_overflow_crystal_walls, serial_shops, shop,
          minmay_tree_intersection
D:4:      layout_rooms, dancing_weapons_uskayaw, minmay_cut_off
D:7:      layout_basic, nicolae_hepliaklqana_hippocampus, serial_shops,
          nicolae_shop_temple_entry_statues_fountains, uniq_pikel,
          uniq_crazy_yiuf_cottage, uniq_maurice

Skill      XL: |  1  2  3  4 |
---------------+-------------+-----
Spellcasting   | 4 5 |  5.3
Conjurations   | 4 5 |  5.3
Hexes          | 4 5 |  5.3
Summonings     | 4 5 |  5.3
Necromancy     | 4 5 |  5.3
Translocations | 4 5 |  5.3
Fire Magic     | 4 5 |  5.3
Ice Magic      | 4 5 |  5.3
Air Magic      | 4 5 |  5.3
Earth Magic    | 4 5 |  5.3
Alchemy        | 4 5 |  5.3
Dodging        | |  2.1
Stealth        | |  1.5

Action                     |  1- 3 |  4- 6 || total
---------------------------+-------+-------++-------
  Melee: Unarmed           |    32 |    14 ||    46
   Cast: Freeze            |    26 |    14 ||    40
         Frozen Ramparts   |     7 |    16 ||    23
         Ozocubu's Armour  |       |     1 ||     1
   Stab: Sleeping          |     5 |     1 ||     6
 Armour: Robe              |    24 |    31 ||    55
  Dodge: Dodged            |    35 |    23 ||    58
